 Dungeon Sprint DCSS version 0.23.0 (webtiles) character file.

Game seed: 1726754473941815363

1130 Kairos the Blocker (level 8, -5/72 (73) HPs)
             Began as a Formicid Fighter on Feb 12, 2019.
             Slain by a lindwurm (8 damage)
             ... summoned by Kirke
             ... in the Dungeon (Sprint II: "The Violet Keep of Menkaure").
             The game lasted 00:06:20 (789 turns).

Kairos the Blocker (Formicid Fighter)                Turns: 789, Time: 00:06:21

HP:   -5/72 (73)    AC: 10    Str: 28    XL:     8   Next: 62%
MP:   17/17         EV: 14    Int:  8    God:
Gold: 155           SH: 14    Dex: 16    Spells: 7/7 levels left

rFire    . . .     SeeInvis +   a - +0 quarterstaff
rCold    . . .     Gourm    .   c - +0 shield
rNeg     . . .     Faith    .   b - +0 scale mail
rPois    .         Spirit   .   (helmet unavailable)
rElec    .         Reflect  .   l - +0 cloak "Melaal" {MP+9 Dex+6}
rCorr    .         Harm     .   (no gloves)
MR       .....                  (no boots)
Stlth    ..........             (no amulet)
HPRegen  0.22/turn              n - +3 ring of evasion
MPRegen  0.15/turn              (no ring)

@: mighty
A: permanent stasis, dig shafts and tunnels, four strong arms, antennae 3
a: Dig


You were in the Dungeon.
You were not hungry.

You visited 1 branch You collected 972 gold pieces.
You spent 817 gold pieces at shops.

Inventory:

Hand Weapons
 a - a +0 quarterstaff (weapon)
Armour
 b - a +0 scale mail (worn)
 c - a +0 shield (worn)
 l - the +0 cloak "Melaal" (worn) {MP+9 Dex+6}
   (You bought it in a shop in the Dungeon)

   It affects your dexterity (+6).
   It affects your magic capacity (+9).
Jewellery
 n - a +3 ring of evasion (left hand)
Scrolls
 k - a scroll of blinking
Potions
 e - a potion of curing
 g - 2 potions of heal wounds
 h - a potion of haste
 i - 2 potions of magic
 j - a potion of berserk rage
Miscellaneous
 m - a box of beasts
Comestibles
 f - a ration


   Skills:
 + Level 10.3 Fighting
 + Level 8.7 Staves
 + Level 10.0 Armour
 + Level 2.0 Dodging
 + Level 0.1 Stealth
 + Level 11.8 Shields


You had 7 spell levels left.
You didn't know any spells.
Your spell library was empty.

Dungeon Overview and Level Annotations

Branches:
Dungeon (1/1)

Altars:

Shops:
D ::}((==!?%[%!!([

Annotations:
D exclusion: oklob plant, Kirke


Innate Abilities, Weirdness & Mutations

You cannot be hasted, slowed, berserked, paralysed or teleported.
You can dig through walls and to a lower floor.
Your four strong arms can wield two-handed weapons with a shield.
You have a pair of large antennae on your head. (SInv)


Message History

The blast of flame hits you!!
* * * LOW HITPOINT WARNING * * *
Unknown command.
You barely miss Kirke. You block the lindwurm's attack. x3
You barely miss Kirke.
The kobold demonologist gestures wildly while chanting.
You hit Kirke.
Kirke is lightly wounded.
Kirke casts a spell.
Kirke summons a sphinx!
You block the lindwurm's attack. The lindwurm claws you.
* * * LOW HITPOINT WARNING * * *
The lindwurm claws you.
* * * LOW HITPOINT WARNING * * *
The kobold demonologist gestures wildly while chanting.
You barely miss Kirke.
Kirke is lightly wounded.
You block Kirke's attack. You block the lindwurm's attack.
The lindwurm misses you. The lindwurm claws you!
You die...

{ { {# #. { ### {{ .°. { {{{
#53K####..○ {{{#${cYcH## .° {
############z@#+++#+++##
###########≈≈k@........#{{
##.∩.∩....#≈≈≈≈H##'##..# {
##..∩.∩...#≈≈≈≈##...##.####{{
##...∩.∩..#≈≈≈≈#..#..#....# {
##....∩.⌠.#≈≈####.).####..##
##...∩.∩..#≈##.###'###.##..#
##..∩.∩...#≈#...##.##.###..#{
##.∩.∩....'≈'.##÷.<.'##.+..###
##∩.∩.....#≈#...##.##...#....#


You could see Kirke, a sphinx, a yaktaur captain, an elephant, a skeletal
warrior, a centaur warrior, a manticore, a lindwurm, a kobold demonologist, a
sixfirhy and an ufetubus.

Vanquished Creatures
  A merfolk siren (D)
  2 hippogriffs (D)
  Menkaure (D)
  4 necrophages (D)
  3 worms (D)
11 creatures vanquished.

Vanquished Creatures (others)
  A crocodile (D)
1 creature vanquished.

Grand Total: 12 creatures vanquished

Notes
Turn   | Place    | Note
-------+----------+-------------------------------------------
     0 | D        | Kairos the Formicid Fighter began the quest for the Orb.
     0 | D        | Reached XP level 1. HP: 18/18 MP: 1/1
     3 | D        | Noticed a merfolk siren
     9 | D        | Killed a crocodile
    19 | D        | Killed a merfolk siren
    19 | D        | Reached skill level 5 in Staves
    19 | D        | Reached skill level 9 in Shields
    19 | D        | Reached XP level 2. HP: 23/32 MP: 2/2
    19 | D        | Reached XP level 3. HP: 27/37 MP: 3/3
    19 | D        | Reached XP level 4. HP: 32/44 MP: 4/4
    19 | D        | Reached XP level 5. HP: 36/49 MP: 5/5
    19 | D        | Reached XP level 6. HP: 41/56 MP: 6/6
   113 | D        | Noticed a hippogriff
   113 | D        | Noticed a hippogriff
   124 | D        | Killed a hippogriff
   124 | D        | Reached skill level 10 in Shields
   124 | D        | Reached XP level 7. HP: 55/64 MP: 7/7
   134 | D        | Killed a hippogriff
   360 | D        | Reached skill level 1 in Dodging
   360 | D        | Reached skill level 11 in Shields
   360 | D        | Reached XP level 8. HP: 66/72 MP: 8/8
   373 | D        | Reached skill level 10 in Fighting
   421 | D        | Reached skill level 10 in Armour
   447 | D        | Noticed Menkaure
   477 | D        | Killed Menkaure
   627 | D        | Found Lesom's Distillery.
   627 | D        | Found Letioco's Antique Armour Emporium.
   627 | D        | Found Gadghil's Distillery.
   627 | D        | Found Malleo's Weapon Shoppe.
   627 | D        | Found Deynlir's Food Emporium.
   628 | D        | Found Ziolugh's Food Shoppe.
   628 | D        | Found Abudghius's Magic Scroll Emporium.
   628 | D        | Found Kaikutof's Distillery.
   629 | D        | Found Ficubed's Jewellery Emporium.
   629 | D        | Found Xyefec's Jewellery Shoppe.
   629 | D        | Found Emynnuli's Weapon Shoppe.
   630 | D        | Found Suitif's Antique Armour Emporium.
   631 | D        | Found Fonk's Antique Weapon Shoppe.
   631 | D        | Found Elea's Gadget Emporium.
   631 | D        | Noticed an iron elemental
   631 | D        | Noticed an oklob plant
   632 | D        | Found Emocw's Book Shoppe.
   632 | D        | Found Wussuf's Book Shoppe.
   649 | D        | Noticed a redback
   650 | D        | Noticed a polar bear
   650 | D        | Noticed a polar bear
   654 | D        | Noticed a redback
   687 | D        | Bought a translucent cloak for 218 gold pieces
   692 | D        | Identified the +0 cloak "Melaal" {MP+9 Dex+6} (You bought
                  | it in a shop in the Dungeon)
   704 | D        | Bought a box of beasts for 240 gold pieces
   706 | D        | Bought a potion of heal wounds for 65 gold pieces
   720 | D        | Bought a +3 ring of evasion for 294 gold pieces
   773 | D        | Noticed an elephant
   773 | D        | Noticed a centaur warrior
   773 | D        | Noticed Kirke
   773 | D        | Noticed a yaktaur captain
   773 | D        | Noticed a skeletal warrior
   773 | D        | Noticed a kobold demonologist
   774 | D        | Noticed a manticore
   774 | D        | Noticed a soul eater
   779 | D        | Noticed a lindwurm
   782 | D        | Noticed a hellwing
   788 | D        | Noticed a sixfirhy
   788 | D        | HP: 3/72 [lindwurm[Kirke] (5)]
   789 | D        | Noticed a sphinx
   789 | D        | Slain by a lindwurm

Skill      XL: |  1  2  3  4  5  6  7  8 |
---------------+-------------------------+-----
Fighting       | 8 9 10 | 10.3
Staves         | 5 6 7 8 |  8.7
Armour         | 8 9 10 | 10.0
Shields        | 9 10 11 | 11.8
Dodging        | 1 2 |  2.0
Stealth        | |  0.1

Action                   |  1- 3 |  4- 6 |  7- 9 || total
-------------------------+-------+-------+-------++-------
Melee: Quarterstaff      |    12 |     7 |    74 ||    93
  Use: Potion            |       |       |     1 ||     1
Armor: Scale mail        |       |     2 |    11 ||    13
Dodge: Dodged            |       |     3 |    26 ||    29
Block: Shield            |     2 |    11 |    42 ||    55
